Match 41222244
Unlisted
Match 41222244
End
Royal Engineer Section
Selects Indian Artillery Battlegroup
Royal Engineer Section
Construct Section Command Post
Dingo Light Scout Car
Infantry Section
Infantry Section
Selects Artillery Saturation
Construct Platoon Command Post
Humber Armored Car
Light Vehicle Training
Construct Field Infirmary
实力不足只能当老六了
Hurricane
bibotot1995
Haxses
0
0
Comments sign in to comment!
No comments posted yet!